 Dungeon Sprint DCSS version 0.19.3-4-gbf9329e (webtiles) character file.

1818 Kagutsuchi the Fighter (level 8, -9/83 HPs)
             Began as a Mottled Draconian Berserker on Jan 28, 2017.
             Was an Elder of Trog.
             Mangled by a kraken (26 damage)
             ... in the Dungeon (Sprint II: "The Violet Keep of Menkaure").
             The game lasted 00:06:54 (1034 turns).

Kagutsuchi the Fighter (DrBe)                       Turns: 1034, Time: 00:06:56

Health: -9/83      AC:  7    Str: 25    XL:     8   Next: 85%
Magic:  8/8        EV: 21    Int:  7    God:    Trog [****..]
Gold:   18         SH:  0    Dex: 12    Spells: 0 memorised, 7 levels left

rFire  . . .     SeeInvis .     j - +1 halberd (freeze)
rCold  . . .     Gourm    .     (armour unavailable)
rNeg   . . .     Faith    .     (shield currently unavailable)
rPois  .         Spirit   .     (helmet restricted)
rElec  .         Reflect  .     m - +0 cloak
rCorr  .         Harm     .     (no gloves)
MR     .....     NoTele   +     (no boots)
Stlth  ++........               (no amulet)
                                (no ring)
                                l - ring of Wuoha {EV+3 Str+4}

@: no status effects
A: breathe sticky flame splash, unfitting armour, cold-blooded, AC +6
a: Breathe Sticky Flame, Berserk, Trog's Hand, Brothers in Arms, Burn
Spellbooks, Renounce Religion


You were in the Dungeon.
You worshipped Trog.
Trog was greatly pleased with you.
You were not hungry.

You visited 1 branch You collected 1057 gold pieces.
You spent 1039 gold pieces at shops.

Inventory:

Hand Weapons
 a - a +0 falchion
 i - a +0 spear
 j - a +1 halberd of freezing (weapon)
Missiles
 n - 22 bolts
Armour
 m - a +0 cloak (worn)
Jewellery
 l - the ring of Wuoha (left hand) {EV+3 Str+4}
   (You bought it in a shop in the Dungeon)

   [ring of evasion]

   It affects your evasion (+3).
   It affects your strength (+4).
Scrolls
 h - a scroll of blinking
Potions
 c - 2 potions of curing
 d - a potion of heal wounds
 e - a potion of haste
 f - 2 potions of magic
 g - a potion of berserk rage
Comestibles
 b - a bread ration
 k - a meat ration


   Skills:
 + Level 12.2 Fighting
 + Level 11.6 Long Blades
 + Level 1.6 Polearms
 + Level 11.0 Dodging
 + Level 2.3 Stealth


You had 7 spell levels left.
You didn't know any spells.

Dungeon Overview and Level Annotations

Branches:
Dungeon (1/1)

Altars:
Cheibriados
Dithmenos
Elyvilon
Fedhas
Gozag
Hepliaklqana
Kikubaaqudgha
Makhleb
Nemelex Xobeh
Okawaru
Qazlal
Ru
Sif Muna
Trog
Uskayaw
Vehumet
Xom
Yredelemnul
Zin
The Shining One
Beogh
Jiyva
Lugonu

Shops:
D %::}([:(!?=[!=[(

Annotations:
D exclusion: oklob plant


Innate Abilities, Weirdness & Mutations

You can spit globs of burning liquid.
You can ignite nearby creatures when you spit burning liquid.
Your weird mottled scales are hard. (AC +6)
You cannot fit into any form of body armour.
You are cold-blooded and may be slowed by cold attacks.


Message History

A kraken comes into view.
The kraken bites you!!
You hit the kraken. You freeze the kraken.
The kraken is lightly wounded.
The kraken completely misses you. x2
You slash the kraken! You freeze the kraken.
The kraken is lightly wounded.
The kraken bites you.
Tentacles burst out of the water! 4 tentacles come into view.
Your ogre goes berserk!
You feel quite a bit more hungry. The kraken completely misses you.
The tentacle misses you. The tentacle closely misses you.
The kraken closely misses you.
You hit the kraken but do no damage.
The kraken is lightly wounded.
The tentacle slaps you! The tentacle slaps you!!
The tentacle completely misses you. The tentacle slaps you!
* * * LOW HITPOINT WARNING * * *
The kraken bites you!!
You die...

.##. )▓(!$)$[(?▓▓
...# ##▓($)$[?)$▓▓
#..# .#▓[$$%$)$(▓▓
+..# .#▓)?$$($%)▓▓
#..# .#▓))%??!!?▓▓
#..##.#▓[$!!!($$▓▓
##...##▓▓▓▓▓▓▓+▓▓▓▓+▓
.≈≈)≈≈≈≈≈≈≈≈≈≈.O@Xw≈▓
.≈#+########+###www≈▓
.≈#..._._..#t§≈##≈≈≈▓
.≈#.._._._.#≈§§§####▓
≈≈#._._._._#≈≈§§≈
≈≈#_._._._.#≈≈≈§§§
≈≈#._._._..#≈≈§§≈§
≈≈#_._._...#≈§§§≈t
§§#._._....#§


You could see a kraken, 4 tentacles and a friendly ogre (berserk).

Vanquished Creatures
  A siren (D)
  2 hippogriffs (D)
  4 necrophages (D)
  A crocodile (D)
  A hell rat (D)
  3 worms (D)
12 creatures vanquished.

Vanquished Creatures (collateral kills)
  A yaktaur (D)
  3 polar bears (D)
  A hornet (D)
5 creatures vanquished.

Vanquished Creatures (others)
  Menkaure (D)
  A crocodile (D)
2 creatures vanquished.

Grand Total: 19 creatures vanquished

Notes
Turn   | Place    | Note
-------+----------+-------------------------------------------
     0 | D        | Kagutsuchi the Draconian Berserker began the quest for the Orb.
     0 | D        | Reached XP level 1. HP: 19/19 MP: 1/1
     1 | D        | Noticed a hippogriff
     1 | D        | Noticed a hippogriff
     9 | D        | Killed a hippogriff
     9 | D        | Reached skill level 7 in Fighting
     9 | D        | Reached XP level 2. HP: 12/34 MP: 2/2
     9 | D        | Reached XP level 3. HP: 13/39 MP: 3/3
     9 | D        | Reached XP level 4. HP: 16/47 MP: 4/4
     9 | D        | Reached XP level 5. HP: 18/52 MP: 5/5
    13 | D        | Killed a hippogriff
    13 | D        | Reached skill level 9 in Fighting
    13 | D        | Reached XP level 6. HP: 9/63 MP: 6/6
    35 | D        | Killed Menkaure
   304 | D        | Noticed a siren
   323 | D        | Killed a siren
   323 | D        | Reached ** piety under Trog
   323 | D        | Reached skill level 10 in Fighting
   323 | D        | Your scales start taking on a weird mottled colour.
   323 | D        | Reached XP level 7. HP: 73/73 MP: 7/7
   341 | D        | Reached *** piety under Trog
   341 | D        | Reached skill level 10 in Long Blades
   347 | D        | Reached skill level 11 in Fighting
   352 | D        | Reached skill level 10 in Dodging
   352 | D        | Reached XP level 8. HP: 77/82 MP: 8/8
   384 | D        | Reached **** piety under Trog
   410 | D        | Found Cetwysergh's Armour Shop.
   410 | D        | Found Upluewed's Jewellery Shop.
   410 | D        | Found Nagukaw's Magic Scroll Boutique.
   410 | D        | Found Oheahol's Antique Weapon Shop.
   410 | D        | Found Redoist's Jewellery Boutique.
   410 | D        | Found Seicsiv's Distillery.
   411 | D        | Found Xoupoj's Distillery.
   411 | D        | Found Xelegaw's Antique Weapon Shop.
   411 | D        | Found Suddudgh's Antique Armour Boutique.
   412 | D        | Found Gaaquilupn's Book Shop.
   412 | D        | Found Anaask's Antique Armour Boutique.
   414 | D        | Found Akiwywk's Antique Weapon Boutique.
   414 | D        | Found Xeneu's Gadget Shop.
   414 | D        | Noticed an oklob plant
   415 | D        | Found Mumir's Book Shop.
   415 | D        | Found Daroj's Book Shoppe.
   415 | D        | Found Jafuthou's Food Boutique.
   416 | D        | Noticed a hell hog
   417 | D        | Noticed a hell hog
   583 | D        | Noticed a hippogriff
   586 | D        | Bought a glowing halberd for 190 gold pieces
   591 | D        | Bought a meat ration for 60 gold pieces
   591 | D        | Bought a bread ration for 60 gold pieces
   601 | D        | Bought the ring of Wuoha {EV+3 Str+4} for 509 gold pieces
   635 | D        | Bought a cloak for 112 gold pieces
   646 | D        | Noticed a hippogriff
   647 | D        | Noticed a hippogriff
   647 | D        | Bought a potion of curing for 33 gold pieces
   768 | D        | Found a glowing golden altar of the Shining One.
   768 | D        | Found a radiant altar of Vehumet.
   769 | D        | Found a glowing silver altar of Zin.
   769 | D        | Found a hide-covered altar of Uskayaw.
   769 | D        | Found a sparkling altar of Nemelex Xobeh.
   770 | D        | Found a basalt altar of Yredelemnul.
   770 | D        | Found a bloodstained altar of Trog.
   770 | D        | Found a burning altar of Makhleb.
   771 | D        | Found a shimmering altar of Xom.
   771 | D        | Found a deep blue altar of Sif Muna.
   771 | D        | Found a corrupted altar of Lugonu.
   771 | D        | Found a blossoming altar of Fedhas.
   772 | D        | Found a sacrificial altar of Ru.
   772 | D        | Found an ancient bone altar of Kikubaaqudgha.
   772 | D        | Found a white marble altar of Elyvilon.
   773 | D        | Found a stormy altar of Qazlal.
   773 | D        | Found a viscous altar of Jiyva.
   773 | D        | Found a shadowy altar of Dithmenos.
   775 | D        | Found a hazy altar of Hepliaklqana.
   775 | D        | Found a snail-covered altar of Cheibriados.
   776 | D        | Found a roughly hewn altar of Beogh.
   776 | D        | Noticed a polar bear
   778 | D        | Noticed a hornet
   779 | D        | Noticed a polar bear
   780 | D        | Noticed a polar bear
   781 | D        | Noticed a yaktaur
   781 | D        | Found an iron altar of Okawaru.
   781 | D        | Found an opulent altar of Gozag.
   782 | D        | Killed a hornet
   783 | D        | Killed a polar bear
   783 | D        | Reached skill level 1 in Stealth
   784 | D        | Killed a polar bear
   784 | D        | Reached skill level 1 in Polearms
   785 | D        | Killed a polar bear
   785 | D        | Reached skill level 12 in Fighting
   788 | D        | Killed a yaktaur
   978 | D        | Bought a scroll of enchant weapon for 75 gold pieces
  1025 | D        | Noticed a kraken
  1034 | D        | Mangled by a kraken

Skill      XL: |  1  2  3  4  5  6  7  8 |
---------------+-------------------------+-----
Fighting       | 7 9 10 11 12 | 12.2
Long Blades    | 6 8 9 10 11 | 11.6
Dodging        | 6 7 9 10 11 | 11.0
Stealth        | 2 |  2.3
Polearms       | 1 |  1.6

Action                   |  1- 3 |  4- 6 |  7- 9 || total
-------------------------+-------+-------+-------++-------
Melee: Falchion          |     7 |    20 |    48 ||    75
       Tailslap          |       |     1 |    11 ||    12
       Halberd           |       |       |    15 ||    15
Invok: Berserk           |     1 |       |     1 ||     2
       Brothers in Arms  |       |       |     2 ||     2
  Use: Scroll            |       |       |     1 ||     1
  Eat: Bread ration      |       |       |     1 ||     1
Armor: Skin              |     3 |     1 |     3 ||     7
Dodge: Dodged            |     5 |     6 |    53 ||    64
       Rpst.: Falchion   |       |       |     7 ||     7
